 Dungeon Crawl Stone Soup version 0.19-a0-1740-g0bcaf2e (webtiles) character file.

12516 kae the Covert (level 11, -8/47 HPs)
             Began as a Spriggan Enchanter on Oct 1, 2016.
             Was a High Priest of Dithmenos.
             Mangled by a blink frog (13 damage)
             ... on level 1 of the Lair of Beasts.
             The game lasted 00:19:27 (13255 turns).

kae the Covert (Spriggan Enchanter)                Turns: 13255, Time: 00:19:27

Health: -8/47      AC:  6    Str: 10    XL:     11   Next: 63%
Magic:  8/26       EV: 18    Int: 18    God:    Dithmenos [*****.]
Gold:   440        SH:  3    Dex: 17    Spells: 3 memorised, 24 levels left

rFire  . . .     SeeInvis +     m - +3 short sword (protect)
rCold  . . .     Gourm    .     b - +1 robe
rNeg   + . .     Faith    .     (shield restricted)
rPois  .         Spirit   .     (helmet restricted)
rElec  .         Dismiss  .     v - +2 cloak
rCorr  .         Reflect  +     (gloves unavailable)
MR     +....     Harm     .     (boots unavailable)
Stlth  +++++++++.               r - +3 amulet of reflection
                                D - +4 ring of strength
                                l - ring of positive energy

@: wreathed by umbra, very quick
A: unfitting armour, see invisible, herbivore 3, speed 3, slow metabolism 2
a: Shadow Step, Shadow Form, Renounce Religion


You were on level 1 of the Lair of Beasts.
You worshipped Dithmenos.
Dithmenos was extremely pleased with you.
You were not hungry.

You visited 3 branches of the dungeon, and saw 12 of its levels.

You collected 440 gold pieces.

Inventory:

Hand Weapons
 a - a +1 dagger
 m - a +3 short sword of protection (weapon)
 L - a +0 dagger of holy wrath
Armour
 b - a +1 robe (worn)
 v - a +2 cloak (worn)
Jewellery
 l - a ring of positive energy (left hand)
 r - a +3 amulet of reflection (around neck)
 y - an uncursed amulet of magic regeneration
 C - an uncursed ring of magical power {unknown}
 D - a +4 ring of strength (right hand)
Wands
 u - a wand of random effects (22/48)
 B - a wand of digging (17/24)
 E - a wand of slowing (15/48)
 K - a wand of flame (24/48)
 N - a wand of iceblast (7/15)
Scrolls
 f - 2 scrolls of immolation
 j - a scroll of blinking
 w - a scroll of teleportation
 z - 2 scrolls of remove curse
 F - 2 scrolls of recharging
 H - 4 scrolls of identify
 I - 2 scrolls of magic mapping
 O - 3 scrolls of fear {unknown}
Potions
 e - 2 potions of cure mutation
 g - 2 potions of flight
 h - 2 potions of lignification {unknown}
 i - 6 potions of curing
 k - a potion of agility
 n - a potion of magic {unknown}
 p - a potion of haste {unknown}
 s - 3 potions of degeneration {unknown}
 t - 4 potions of ambrosia {unknown}
 x - a potion of might
 A - a potion of mutation
 G - a potion of heal wounds {unknown}
 J - a potion of resistance {unknown}
 P - a potion of berserk rage {unknown}
Books
 c - a book of Maledictions

   Spells                             Type                      Level
   a - Corona                         Hexes                        1
   b - Ensorcelled Hibernation        Hexes/Ice                    2
   c - Confuse                        Hexes                        3
   d - Tukima's Dance                 Hexes                        3
   e - Dazzling Spray                 Conjuration/Hexes            3
 o - a book of Cantrips

   Spells                             Type                      Level
   a - Confusing Touch                Hexes                        1
   b - Animate Skeleton               Necromancy                   1
   c - Summon Small Mammal            Summoning                    1
   d - Apportation                    Translocation                1
 q - a book of Misfortune

   Spells                             Type                      Level
   a - Confusing Touch                Hexes                        1
   b - Confuse                        Hexes                        3
   c - Gell's Gravitas                Hexes/Translocation          3
   d - Petrify                        Transmutation/Earth          4
   e - Metabolic Englaciation         Hexes/Ice                    5
   f - Yara's Violent Unravelling     Hexes/Transmutation          5
Comestibles
 d - 9 bread rations
 M - 14 slices of pizza


   Skills:
 * Level 12.6 Short Blades
 - Level 3.0 Dodging
 + Level 13.0 Stealth
 + Level 10.4 Spellcasting
 + Level 10.9 Hexes


You had 24 spell levels left.
You knew the following spells:

 Your Spells              Type           Power        Failure   Level  Hunger
a - Corona                Hex            #####..      1%          1    None
b - Ensorcelled Hibernat  Hex/Ice        ####..       1%          2    None
c - Confuse               Hex            #####...     1%          3    None


Dungeon Overview and Level Annotations

Branches:
Dungeon (10/15)            Temple (1/1) D:4            Lair (1/6) D:8
    Orc (0/2) D:10

Altars:
Ashenzari
Cheibriados
Dithmenos
Elyvilon
Fedhas
Gozag
Hepliaklqana
Kikubaaqudgha
Makhleb
Nemelex Xobeh
Okawaru
Qazlal
Ru
Sif Muna
Trog
Uskayaw
Vehumet
Xom
Yredelemnul
Zin
The Shining One

Shops:
D:6 }[

Annotations:
D:10 1 exclusion


Innate Abilities, Weirdness & Mutations

You are very small and have problems with some larger weapons.
You are too small for most types of armour.
You have supernaturally acute eyesight. (SInv)
You are a herbivore.
You cover ground extremely quickly.
You need consume almost no food.


Message History

Casting: Ensorcelled Hibernation
Confirm with . or Enter, or press ? or * to list all spells.
Aiming: Ensorcelled Hibernation
Press: ? - help, Shift-Dir - straight line, f/p - blink frog
Aim: a blink frog (umbra, chance to defeat MR: 40%)
The blink frog resists with some effort.
The blink frog hits you!
* * * LOW HITPOINT WARNING * * *
Casting: Ensorcelled Hibernation
Confirm with . or Enter, or press ? or * to list all spells.
Aiming: Ensorcelled Hibernation
Press: ? - help, Shift-Dir - straight line, f/p - blink frog
Aim: a blink frog (umbra, chance to defeat MR: 40%)
The blink frog resists with some effort.
The blink frog closely misses you.
The blink frog hits you but does no damage.
It was a potion of cure mutation.
It has a very clean taste.
You feel slightly disoriented. The blink frog hits you!
You die...

##..............#
#........#.###..#
##.......#* #...#
#.......## #...#
#........####..##
#........#..#...#
#####..........##P########
##....†...............
#P...@F...............
##...F................
#....................
#...................†
#......).............
#....................
##.######.########### ###
###


You could see 2 blink frogs.

Vanquished Creatures
  A black mamba (Lair:1)
  4 spiny frogs (Lair:1)
  A komodo dragon (Lair:1)
  A troll (D:10)
  A two-headed ogre (D:8)
  2 blink frogs (Lair:1)
  Grinder (D:6)
  A wraith (D:10)
  2 wyverns
  15 yaks
  Eustachio (D:4)
  A basilisk (Lair:1)
  2 hogs (D:10)
  A human (D:10)
  A hungry ghost (D:8)
  Edmund (D:6)
  2 wargs (D:8)
  Menkaure (D:4)
  2 water moccasins
  3 ice beasts
  A sky beast (D:5)
  A black bear (D:8)
  2 phantoms
  6 orc warriors
  2 necrophages
  4 ogres
  3 centaurs
  2 crocodiles
  A big kobold (D:8)
  8 bullfrogs
  2 wyvern skeletons (D:10)
  2 scorpions
  A water moccasin skeleton (D:10)
  4 howler monkeys
  9 wights
  3 electric eels (D:10)
  4 crimson imps
  4 bullfrog zombies
  A quasit (D:8)
  6 hounds
  2 jellies
  13 orc priests
  A bullfrog skeleton (D:3)
  Crazy Yiuf (D:3)
  Terence (D:2)
  6 iguanas
  5 worker ants
  Natasha (thrice) (D:3)
  14 orc wizards
  3 hell rats (Lair:1)
  A worker ant zombie (D:9)
  13 adders
  5 river rats (Lair:1)
  An ooze (D:2)
  2 adder skeletons
  3 worms
  3 leopard geckos
  57 orcs
  4 bats
  4 giant cockroaches
  5 goblins
  3 hobgoblins
  2 jackals (D:9)
  6 quokkas
  A ball python (D:3)
  5 frilled lizards
  9 kobolds
  A quokka zombie (D:10)
  8 rats
292 creatures vanquished.

Vanquished Creatures (others)
  2 orcs (D:10)
  3 fungi (Lair:1)
  A plant (Lair:1)
6 creatures vanquished.

Grand Total: 298 creatures vanquished

Notes
Turn   | Place    | Note
-------+----------+-------------------------------------------
     0 | D:1      | kae the Spriggan Enchanter began the quest for the Orb.
     0 | D:1      | Reached XP level 1. HP: 9/9 MP: 5/5
   297 | D:1      | Reached XP level 2. HP: 5/13 MP: 6/6
   884 | D:2      | Noticed Terence
   912 | D:1      | Learned a level 2 spell: Ensorcelled Hibernation
   915 | D:2      | Killed Terence
   915 | D:2      | Reached skill level 5 in Stealth
   915 | D:2      | Reached XP level 3. HP: 16/16 MP: 4/8
  1604 | D:2      | Reached XP level 4. HP: 21/21 MP: 10/10
  2358 | D:3      | Reached XP level 5. HP: 24/24 MP: 11/11
  2370 | D:3      | Found a runed door.
  2708 | D:3      | Noticed Natasha
  2709 | D:3      | Killed Natasha
  2709 | D:3      | Reached skill level 6 in Stealth
  2709 | D:3      | Reached skill level 5 in Hexes
  2825 | D:3      | Noticed Natasha
  2831 | D:3      | Killed Natasha
  2831 | D:3      | Reached XP level 6. HP: 28/28 MP: 8/13
  2844 | D:3      | Noticed Natasha
  2859 | D:3      | Killed Natasha
  3268 | D:3      | Noticed Crazy Yiuf
  3272 | D:3      | Killed Crazy Yiuf
  3442 | D:4      | Noticed an ice beast
  3470 | D:4      | Killed an ice beast
  3470 | D:4      | Reached skill level 5 in Short Blades
  3475 | D:4      | Learned a level 3 spell: Confuse
  3557 | D:4      | Noticed Eustachio
  3600 | D:4      | Killed Eustachio
  3600 | D:4      | Reached XP level 7. HP: 32/32 MP: 5/15
  3719 | D:4      | Found a staircase to the Ecumenical Temple.
  3754 | D:4      | Reached skill level 7 in Stealth
  3766 | D:4      | Reached skill level 5 in Spellcasting
  3821 | Temple   | Entered the Ecumenical Temple
  3841 | Temple   | Became a worshipper of Dithmenos the Shadowed
  3931 | D:4      | Found a glowing golden altar of the Shining One.
  3964 | D:4      | Noticed Menkaure
  4049 | D:4      | Killed Menkaure
  4259 | D:5      | Entered Level 5 of the Dungeon
  4333 | D:5      | Reached XP level 8. HP: 36/36 MP: 6/17
  4767 | D:5      | Reached skill level 8 in Stealth
  5109 | D:6      | Reached * piety under Dithmenos
  5178 | D:6      | Found Waigoir's Quality Used Wands.
  5191 | D:6      | Found a hazy altar of Hepliaklqana.
  5197 | D:6      | Noticed Grinder
  5260 | D:6      | Killed Grinder
  5260 | D:6      | Reached skill level 9 in Stealth
  5356 | D:6      | Noticed Edmund
  5390 | D:6      | Reached XP level 9. HP: 39/39 MP: 12/20
  5488 | D:6      | Killed Edmund
  5755 | D:6      | Found Ycicarayn's Antique Armour Shoppe.
  6029 | D:7      | Gained mutation: You passively map a small area around you. [potion of beneficial mutation]
  6593 | D:7      | Found a bloodstained altar of Trog.
  6985 | D:8      | Reached skill level 10 in Stealth
  7052 | D:8      | Reached ** piety under Dithmenos
  7121 | D:8      | Found a staircase to the Lair.
  7200 | D:8      | Reached skill level 10 in Short Blades
  7469 | D:8      | Reached XP level 10. HP: 25/44 MP: 14/23
  7848 | D:8      | Found a basalt altar of Yredelemnul.
  7848 | D:8      | Found a shimmering altar of Xom.
  8054 | D:9      | Reached *** piety under Dithmenos
  8103 | D:9      | Found a white marble altar of Elyvilon.
  8294 | D:9      | Reached skill level 11 in Stealth
  8890 | D:10     | Entered Level 10 of the Dungeon
 10004 | D:10     | Reached **** piety under Dithmenos
 10249 | D:10     | Reached skill level 10 in Hexes
 10637 | D:10     | Found a staircase to the Orcish Mines.
 11003 | D:10     | Reached XP level 11. HP: 47/47 MP: 18/25
 11071 | D:10     | Reached skill level 12 in Stealth
 11957 | Lair:1   | Entered Level 1 of the Lair of Beasts
 12098 | Lair:1   | Reached skill level 10 in Spellcasting
 12205 | Lair:1   | Reached ***** piety under Dithmenos
 13193 | Lair:1   | Reached skill level 13 in Stealth
 13255 | Lair:1   | Lost mutation: You passively map a small area around you. [potion of cure mutation]
 13255 | Lair:1   | Mangled by a blink frog

Vault maps used:
D:1:      minmay_arrival_radiant_lines
D:2:      uniq_terence
D:3:      uniq_crazy_yiuf_cottage, uniq_natasha
D:4:      lemuel_doored_altar, first_bread, uniq_menkaure, uniq_eustachio
D:5:      lemuel_ice_spiral_2
D:6:      old_standard_altar, serial_shops, nicolae_shop_waterfront,
          nicolae_for_you_no_charge, uniq_grinder, uniq_edmund
D:7:      lemuel_round_altar, kennysheep_generic_room_15
D:8:      gammafunk_temple_overflow_elements, erik_lair_orcish_takeover
D:9:      lemuel_round_altar
D:10:     erik_orc_2, grunt_livestock, kennysheep_cluttered_room, minivault_27,
          hangedman_abyss_or_decor_stagger
Temple:   minmay_freezing_vapour_temple
Lair:1:   kennysheep_abandoned_house

Skill      XL: |  1  2  3  4  5  6  7  8  9 10 11 |
---------------+----------------------------------+-----
Short Blades   | 2 3 4 5 6 8 10 11 12 | 12.6
Stealth        | 5 6 7 9 10 11 13 | 13.0
Spellcasting   | 3 4 5 6 8 9 10 | 10.4
Hexes          | 4 5 6 7 8 10 | 10.9
Dodging        | |  3.0

Action                   |  1- 3 |  4- 6 |  7- 9 | 10-12 || total
-------------------------+-------+-------+-------+-------++-------
Melee: Dagger            |   120 |    24 |       |       ||   144
       Short sword       |       |   109 |   176 |   382 ||   667
 Cast: Corona            |     9 |     1 |     1 |       ||    11
       Ensorcelled Hiber |    14 |    24 |    78 |   118 ||   234
       Confuse           |       |     2 |    10 |    18 ||    30
  Use: Scroll            |       |     4 |    13 |     2 ||    19
       Potion            |       |       |     1 |     1 ||     2
 Stab: Sleeping          |     8 |    25 |    67 |    95 ||   195
       Distracted        |       |     1 |       |     3 ||     4
       Confused          |       |     1 |     8 |    13 ||    22
  Eat: Pizza             |       |     1 |     1 |     1 ||     3
       Fruit             |       |       |     2 |       ||     2
       Bread ration      |       |       |       |     1 ||     1
Armor: Robe              |     9 |    23 |    29 |    47 ||   108
Dodge: Dodged            |   111 |    82 |   133 |   207 ||   533
Block: Other             |       |       |    10 |    31 ||    41
